 Dungeon Crawl Stone Soup version 0.23-a0-393-g6e9e0f2070 (webtiles) character file.

75 Notair the Chopper (level 4, -2/39 HPs)
             Began as a Minotaur Gladiator on Oct 31, 2018.
             Slain by a gnoll
             ... wielding a +0 halberd
              (18 damage)
             ... on level 2 of the Dungeon.
             The game lasted 00:01:46 (1462 turns).

Notair the Chopper (Minotaur Gladiator)             Turns: 1462, Time: 00:01:46

Health: -2/39      AC:  3    Str: 18    XL:     4   Next: 11%
Magic:  3/3        EV: 13    Int:  6    God:
Gold:   98         SH:  0    Dex: 12    Spells: 3/3 levels left

rFire    . . .     SeeInvis .   a - +0 war axe
rCold    . . .     Gourm    .   (no shield)
rNeg     . . .     Faith    .   b - +0 leather armour
rPois    .         Spirit   .   c - +0 hat
rElec    .         Reflect  .   (no cloak)
rCorr    .         Harm     .   (no gloves)
MR       .....                  (no boots)
Stlth    ++........             (no amulet)
HPRegen  0.13/turn              o - ring of stealth
MPRegen  0.08/turn              (no ring)

@: no status effects
A: retaliatory headbutt, horns 2
a: no special abilities


You were on level 2 of the Dungeon.
You were hungry.

You visited 1 branch of the dungeon, and saw 2 of its levels.

You collected 98 gold pieces.

Inventory:

Hand Weapons
 a - a +0 war axe (weapon)
Missiles
 d - 3 throwing nets (quivered)
Armour
 b - a +0 leather armour (worn)
 c - a +0 hat (worn)
Jewellery
 o - a ring of stealth (left hand)
Scrolls
 e - 3 scrolls of remove curse
 g - a scroll of fog {unknown}
 h - a scroll of magic mapping {unknown}
 j - 2 scrolls of identify {unknown}
 l - a scroll of enchant armour {unknown}
 m - a scroll of enchant weapon {unknown}
Potions
 i - a potion of ambrosia {unknown}
 k - a potion of might {unknown}
 n - a potion of resistance {unknown}
Comestibles
 f - 2 rations


   Skills:
 + Level 3.6 Fighting
 * Level 5.4 Axes
 - Level 2.0 Throwing
 - Level 3.2 Dodging


You had 3 spell levels left.
You didn't know any spells.
Your spell library was empty.

Dungeon Overview and Level Annotations

Branches:
Dungeon (2/15)

Altars:


Innate Abilities, Weirdness & Mutations

You reflexively headbutt those who attack you in melee.
You have a pair of horns on your head.


Message History

The gnoll hits you with a +0 flail!
You hit the gnoll.
The gnoll is moderately wounded.
The gnoll barely misses you.
You slash the gnoll!
You kill the gnoll!
You have reached level 4!
You feel agile. The gnoll misses you.
You closely miss the gnoll. The gnoll closely misses you.
You closely miss the gnoll.
You headbutt the gnoll, but do no damage.
The gnoll closely misses you. You furiously retaliate!
You headbutt the gnoll. You hit the gnoll. Your headbutt misses the gnoll.
The gnoll is heavily wounded.
The gnoll hits you with a +0 halberd!
You hit the gnoll but do no damage.
The gnoll is heavily wounded.
The gnoll hits you with a +0 halberd!!
You die...

### ..# #.#
#.#### .....##
#### #.##..##
.... #.##...##
##########..#
#.#.....#
####..@g..)%...#
..##...##
#....#######...#
####..##
#....>...# ...#
#..#####....###.#
...#
#.........#.#
...##.#
##+########...
....r. ##..<##
##### ....g.
##.....## ..##.#
## ##.......##
#.##.##


You could see a gnoll.

Vanquished Creatures
  A gnoll (D:2)
  An ooze (D:2)
  2 worms (D:2)
  A leopard gecko (D:1)
  A ball python (D:1)
  5 giant cockroaches
  6 goblins
  7 hobgoblins
  4 jackals (D:1)
  7 kobolds
  A quokka (D:2)
  5 bats
  2 frilled lizards
  7 rats
50 creatures vanquished.

Notes
Turn   | Place    | Note
-------+----------+-------------------------------------------
     0 | D:1      | Notair the Minotaur Gladiator began the quest for the Orb.
     0 | D:1      | Reached XP level 1. HP: 18/18 MP: 0/0
    71 | D:1      | Reached skill level 4 in Axes
    75 | D:1      | Reached XP level 2. HP: 19/25 MP: 1/1
   849 | D:1      | Reached XP level 3. HP: 31/31 MP: 2/2
  1292 | D:2      | Reached skill level 5 in Axes
  1453 | D:2      | Reached XP level 4. HP: 28/39 MP: 3/3
  1462 | D:2      | Slain by a gnoll

Vault maps used:
D:1:      eino_arrival_cavern_a, minmay_close_crescents
D:2:      nicolae_overflow_hidden_temple, nicolae_gozag_seed_capital,
          minmay_quantized, uniq_jessica

Skill      XL: |  1  2  3 |
---------------+----------+-----
Axes           | 4 5 |  5.4
Fighting       | 3 |  3.6
Throwing       | |  2.0
Dodging        | |  3.2

Action                   |  1- 3 |  4- 6 || total
-------------------------+-------+-------++-------
Melee: War axe           |    91 |     4 ||    95
       Headbutt          |    12 |     1 ||    13
  Use: Scroll            |     1 |       ||     1
  Eat: Chunk             |     1 |       ||     1
Armor: Leather armour    |    28 |       ||    28
Dodge: Dodged            |    71 |     3 ||    74

Table legend:
 A = Non-vault XP
 B = Vault XP
 C = Vault XP percentage of total XP
 D = Non-vault monster count
 E = Vault monster count
 F = Vault count percentage of total count
                 A         B        C        D         E       F
            +---------+---------+-------+---------+---------+-------
      Total |      97 |      11 |  10.2 |      43 |       7 |  14.0
            +---------+---------+-------+---------+---------+-------
        D:1 |      43 |       7 |  14.0 |      26 |       5 |  16.1
        D:2 |      54 |       4 |   6.9 |      17 |       2 |  10.5
            +---------+---------+-------+---------+---------+-------
